 Dungeon Crawl Stone Soup version 0.19-a0-1100-g56b2fe9 (webtiles) character file.

175 Jmtri7 the Slasher (level 5, 0/38 HPs)
             Began as a Merfolk Gladiator on Aug 8, 2016.
             Slain by an orc
             ... wielding a +1 dagger of electrocution
              (11 damage)
             ... on level 3 of the Dungeon.
             The game lasted 00:04:59 (2437 turns).

Jmtri7 the Slasher (Merfolk Gladiator)              Turns: 2437, Time: 00:04:59

Health: 0/38       AC:  8    Str: 15    XL:     5   Next: 55%
Magic:  5/5        EV: 11    Int:  7    God:
Gold:   112        SH:  0    Dex: 16    Spells: 0 memorised, 4 levels left

rFire  . . .     SeeInvis .     a - +0 long sword
rCold  . . .     Gourm    .     p - +0 scale mail
rNeg   . . .     Faith    .     (no shield)
rPois  .         Spirit   .     c - +0 helmet
rElec  .         Dismiss  .     (no cloak)
rCorr  .         Reflect  .     (no gloves)
SustAt .         Harm     .     q - +0 pair of boots
MR     .....                    (no amulet)
Stlth  ..........               (no ring)
                                (no ring)

@:
A: change form in water, swift swim
a: no special abilities


You were on level 3 of the Dungeon.
You were not hungry.

You visited 1 branch of the dungeon, and saw 3 of its levels.

You collected 112 gold pieces.

Inventory:

Hand Weapons
 a - a +0 long sword (weapon)
Missiles
 d - 3 throwing nets (quivered)
Armour
 b - a +0 leather armour
 c - a +0 helmet (worn)
 p - a +0 scale mail (worn)
 q - a +0 pair of boots (worn)
Wands
 u - a wand of heal wounds (4/9)
Scrolls
 h - a scroll of immolation {unknown}
 k - 3 scrolls of teleportation {unknown}
 m - a scroll of blinking {unknown}
 t - a scroll of fear {unknown}
 x - a scroll of identify {unknown}
 y - a scroll of enchant weapon {unknown}
Potions
 e - a potion of agility {unknown}
 g - a potion of mutation {unknown}
 i - a potion of cancellation {unknown}
 j - a potion of curing {unknown}
 l - a potion of lignification {unknown}
 n - a potion of brilliance {unknown}
 o - 2 potions of heal wounds
 r - a potion of berserk rage {unknown}
 v - a potion of degeneration {unknown}
Comestibles
 f - 2 bread rations
 s - 2 fruits
 w - a beef jerky
 z - 5 chunks of flesh


   Skills:
 - Level 2.1 Fighting
 + Level 6.6 Long Blades
 - Level 2.0 Throwing
 - Level 4.0 Dodging


You had 4 spell levels left.
You didn't know any spells.

Dungeon Overview and Level Annotations

Branches:
Dungeon (3/15)

Altars:
Pakellas
Qazlal


Message History

The orc hits you but does no damage.
You are electrocuted!
You slash the orc!
You kill the orc!
The orc hits you with a dagger of electrocution.
Things that are here:
a flail; an orc corpse You closely miss the orc.
The orc is moderately wounded.
The orc priest invokes the aid of Beogh against you.
You barely resist. The orc hits you but does no damage.
You hit the orc but do no damage.
The orc is moderately wounded.
The orc priest hits you but does no damage.
The orc hits you but does no damage.
You are electrocuted!
* * * LOW HITPOINT WARNING * * *
You closely miss the orc.
The orc is moderately wounded.
The orc priest hits you but does no damage.
The orc hits you but does no damage.
You are electrocuted!
You die...

#..........#
#..........# #.##.#
#######..... ##
#.....###.##
.#######.....##....
... ..............
#o# ##............
#@## ##...[.......
#)o## ##..##......
##..#####.........
##....####.......
#...##..###.......
#...###..#........
#...# ##..........
#...# ###.........
#..>.##...........


You could see an orc priest and an orc.

Vanquished Creatures
  Natasha (thrice) (D:3)
  4 adders
  2 dart slugs
  2 giant geckos (D:2)
  5 orcs (D:3)
  2 ball pythons
  2 giant cockroaches
  8 goblins
  5 hobgoblins (D:1)
  3 jackals (D:1)
  2 quokkas (D:3)
  4 bats
  6 giant newts
  6 kobolds
  3 rats
57 creatures vanquished.

Notes
Turn   | Place    | Note
-------+----------+-------------------------------------------
     0 | D:1      | Jmtri7 the Merfolk Gladiator began the quest for the Orb.
     0 | D:1      | Reached XP level 1. HP: 16/16 MP: 1/1
   354 | D:1      | Reached XP level 2. HP: 22/22 MP: 2/2
   465 | D:1      | Reached skill level 4 in Long Blades
   677 | D:1      | Reached XP level 3. HP: 27/27 MP: 3/3
   884 | D:2      | Found an oddly glowing altar of Pakellas.
  1091 | D:2      | Reached skill level 5 in Long Blades
  1242 | D:2      | Reached XP level 4. HP: 22/33 MP: 4/4
  1671 | D:3      | Found a stormy altar of Qazlal.
  1671 | D:3      | Noticed an earth elemental
  1672 | D:3      | Noticed a water elemental
  1672 | D:3      | Noticed an air elemental
  1672 | D:3      | Noticed a fire elemental
  1674 | D:3      | Noticed Natasha
  1691 | D:3      | Killed Natasha
  2002 | D:3      | Noticed Natasha
  2013 | D:3      | Killed Natasha
  2013 | D:3      | Reached skill level 6 in Long Blades
  2013 | D:3      | Reached XP level 5. HP: 31/38 MP: 5/5
  2025 | D:3      | Noticed Natasha
  2043 | D:3      | Killed Natasha
  2437 | D:3      | Slain by an orc

Vault maps used:
D:1:      erik_arrival_cave_to_civilisation, corexii_leaking_fountain
D:2:      grunt_pakellas_basics
D:3:      nicolae_qazlal_style_of_elements, ecumenical_altar_2,
          grunt_ministairs_8, kennysheep_jessica_study, uniq_natasha

Skill      XL: |  1  2  3  4 |
---------------+-------------+-----
Long Blades    | 4 5 6 |  6.6
Fighting       | |  2.1
Throwing       | |  2.0
Dodging        | |  4.0

Action                   |  1- 3 |  4- 6 || total
-------------------------+-------+-------++-------
Melee: Long sword        |   103 |   135 ||   238
  Use: Scroll            |     1 |     1 ||     2
 Stab: Sleeping          |     1 |       ||     1
  Eat: Chunk             |     1 |     4 ||     5
Armor: Leather armour    |    26 |       ||    26
       Scale mail        |     2 |    46 ||    48
Dodge: Dodged            |    60 |    70 ||   130
